 Dungeon Crawl Stone Soup version 0.23.2-33-g5129a83184 (webtiles) character file.

Game seed: 4812176134924198313

99 Lawrees the Shield-Bearer (level 4, 41/41 HPs)
             Began as a Minotaur Fighter on July 2, 2019.
             Was a Follower of Wu Jian.
             Quit the game on level 2 of the Dungeon.
             The game lasted 00:05:19 (1489 turns).

Lawrees the Shield-Bearer (Minotaur Fighter)        Turns: 1489, Time: 00:05:20

Health: 41/41      AC:  9    Str: 21    XL:     4   Next: 45%
Magic:  3/3        EV:  9    Int:  5    God:    Wu Jian [*.....]
Gold:   98         SH:  0    Dex: 10    Spells: 3/3 levels left

rFire    . . .     SeeInvis .   a - +0 trident
rCold    . . .     Gourm    .   (no shield)
rNeg     + . .     Faith    .   n - +2 scale mail {rN+}
rPois    .         Spirit   .   (helmet restricted)
rElec    .         Reflect  .   (no cloak)
rCorr    .         Harm     .   (no gloves)
MR       .....                  (no boots)
Stlth    ..........             (no amulet)
HPRegen  0.13/turn              (no ring)
MPRegen  0.08/turn              (no ring)

@: no status effects
A: retaliatory headbutt, horns 2
a: Renounce Religion


You were on level 2 of the Dungeon.
You worshipped Wu Jian.
Wu Jian was aware of your devotion.
You were not hungry.

You visited 1 branch of the dungeon, and saw 2 of its levels.

You collected 98 gold pieces.

Inventory:

Hand Weapons
 a - a +0 trident (weapon)
 g - a +0 vampiric battleaxe
Armour
 b - a +0 scale mail
 c - a +0 shield
 i - a +2 helmet
 n - a +2 scale mail of positive energy (worn)
Scrolls
 h - a scroll of remove curse {unknown}
 k - a scroll of magic mapping {unknown}
 l - 2 scrolls of identify {unknown}
 m - a scroll of teleportation {unknown}
Potions
 d - a potion of might
 e - 2 potions of curing {unknown}
 j - a potion of lignification {unknown}
 o - a potion of resistance {unknown}
Comestibles
 f - 3 rations


   Skills:
 + Level 4.5 Fighting
 + Level 3.5 Polearms
 + Level 4.4 Armour
 + Level 4.5 Shields


You had 3 spell levels left.
You didn't know any spells.
Your spell library was empty.

Dungeon Overview and Level Annotations

Branches:
Dungeon (2/15)

Altars:
Wu Jian


Innate Abilities, Weirdness & Mutations

You reflexively headbutt those who attack you in melee.
You have a pair of horns on your head.


Message History

The adder hisses angrily.
You lunge at the adder, but your attack speed is too slow for a blow to land.
The adder bites you but does no damage. The adder barely misses you.
You furiously retaliate!
You headbutt the adder!
You kill the adder!
The Council accepts your kill.
There is an open door here.
All of the chunks of flesh in your inventory have rotted away.
You see here a hand axe.
There is an open door here.
You see here a glowing battleaxe.
g - a glowing battleaxe Wield which item (- for none, * to show all)? (? for menu, Esc to quit)
You can't wield that with a shield.
You start removing your armour.
You continue taking off your +0 shield. x4
You finish taking off your +0 shield.
Wield which item (- for none, * to show all)? (? for menu, Esc to quit)
This weapon is vampiric, and you must be Full or above to equip it.
g - a vampiric battleaxe Are you sure you want to abandon this character and quit the game? (Confirm with "yes".)

.#..#.........<#...# ##.........
.########......#.### #..........
...............#.# #.##..##.#.
##########.....#.# #.###......
.........).....#.# #.# #...#..
####...###.....#.######.###..#_#.
#...# #.....#.#............#..
#...# #.....#.#.####.####.....
##### #.....#@#.####.###......
#.....#..........#.#.##.
#.....###.####+#.#.#.##.
#####.###'##.......#.##.
#................##.
#...)..#......##..#.
#......#####'###..#.
#...)........###....
##...#######..#......


There were no monsters in sight!

Vanquished Creatures
  Terence (D:2)
  A centaur skeleton (D:2)
  An adder (D:2)
  2 dart slugs (D:1)
  A ball python (D:1)
  2 bats
  A giant cockroach (D:1)
  7 goblins
  4 hobgoblins
  3 jackals (D:2)
  2 quokkas (D:2)
  3 frilled lizards
  4 kobolds
  2 rats
34 creatures vanquished.

Notes
Turn   | Place    | Note
-------+----------+-------------------------------------------
     0 | D:1      | Lawrees the Minotaur Fighter began the quest for the Orb.
     0 | D:1      | Reached XP level 1. HP: 19/19 MP: 0/0
   137 | D:1      | Reached XP level 2. HP: 27/27 MP: 1/1
   765 | D:2      | Found a faded altar of an unknown god.
   780 | D:2      | Became a worshipper of the Wu Jian Council
   780 | D:2      | Reached * piety under Wu Jian
   814 | D:2      | Reached XP level 3. HP: 30/33 MP: 2/2
  1167 | D:2      | Noticed Terence
  1184 | D:2      | Killed Terence
  1302 | D:2      | Reached XP level 4. HP: 41/41 MP: 3/3
  1489 | D:2      | Quit the game

Skill      XL: |  1  2 |
---------------+-------+-----
Shields        | 4 |  4.5
Fighting       | 4 |  4.5
Armour         | 4 |  4.4
Polearms       | 3 |  3.5

Action                   |  1- 3 |  4- 6 || total
-------------------------+-------+-------++-------
Melee: Trident           |    82 |       ||    82
       Headbutt          |    11 |       ||    11
Invok: Whirlwind         |    23 |       ||    23
       Lunge             |     4 |       ||     4
  Eat: Chunk             |     1 |     1 ||     2
Armor: Scale mail        |    27 |     1 ||    28
Dodge: Dodged            |    26 |     1 ||    27
Block: Shield            |    45 |       ||    45
